 Dungeon Crawl Stone Soup version 0.21-a0-352-g5b8f553 (webtiles) character file.

316178 Leas the Imperceptible (level 20, -13/162 HPs)
             Began as a Spriggan Enchanter on Oct 11, 2017.
             Was the Champion of Dithmenos.
             Killed from afar by Ziom the Cloud Mage (25 damage)
             ... with a tornado
             ... in a wizard's laboratory.
             The game lasted 03:01:33 (68255 turns).

Leas the Imperceptible (Spriggan Enchanter)        Turns: 68255, Time: 03:01:34

Health: -13/162    AC: 19    Str: 14    XL:     20   Next: 86%
Magic:  43/43      EV: 36    Int: 18    God:    Dithmenos [******]
Gold:   1406       SH:  0    Dex: 19    Spells: 4/55 levels left

rFire    . . .     SeeInvis +   C - +5 rapier (elec)
rCold    + + +     Gourm    .   (shield restricted)
rNeg     . . .     Faith    .   U - +2 robe {MR+}
rPois    .         Spirit   .   m - +2 hat {MR+}
rElec    .         Reflect  .   q - +2 cloak
rCorr    .         Harm     .   (gloves unavailable)
MR       +++++     Clarity  +   (boots unavailable)
Stlth    ..........             j - amulet of rage
HPRegen  0.37/turn              r - +5 ring of protection
MPRegen  0.28/turn              Q - ring of Raireoha {rC+++ AC+5 Int-2}

@: berserking, flying (expiring), wreathed by umbra, studying Dodging, very
quick
A: unfitting armour, beak, see invisible, agile 1, clarity, herbivore 3, speed
3, slow metabolism 2, evolution 1, no potion heal 1
}: 1/15 runes: barnacled
a: Shadow Step, Shadow Form, Renounce Religion, Evoke Berserk Rage


You were in a wizard's laboratory.
You worshipped Dithmenos.
Dithmenos was exalted by your worship.
You were full.

You visited 9 branches of the dungeon, and saw 38 of its levels.
You visited 1 bazaar.
You also visited: Labyrinth, Trove, Volcano and Wizlab.

You collected 6108 gold pieces.
You spent 4702 gold pieces at shops.

Inventory:

Hand Weapons
 C - a +5 rapier of electrocution (weapon)
 I - a +6 rapier of holy wrath
 V - a +9 quick blade
 W - the +9 heavy crossbow "Sniper" {velocity, Acc+∞ SInv}
   (You found it on level 2 of the Vaults)

   Any bolt fired from it inflicts extra damage.
   It lets you see invisible.
Missiles
 L - 10 throwing nets (quivered)
Armour
 m - a +2 hat of magic resistance (worn)
 q - a +2 cloak (worn)
 U - a +2 robe of magic resistance (worn)
 Z - a +1 robe of resistance
Jewellery
 j - an amulet of rage (around neck)
 l - an uncursed ring of protection from cold
 r - a +5 ring of protection (left hand)
 F - an uncursed ring of protection from cold
 M - a +6 ring of intelligence
 O - an uncursed ring of positive energy
 Q - the ring of Raireoha (right hand) {rC+++ AC+5 Int-2}
   (You found it on level 6 of the Lair of Beasts)

   [ring of protection]

   It affects your AC (+5).
   It affects your intelligence (-2).
   It renders you almost immune to cold.
 S - an uncursed ring of protection from magic
Wands
 B - a wand of acid (10/15)
 D - a wand of enslavement (11/24)
 P - a wand of digging (5/24)
Scrolls
 a - 2 scrolls of fear
 c - 4 scrolls of silence
 f - 16 scrolls of remove curse
 i - 6 scrolls of identify
 n - 3 scrolls of magic mapping
 p - 23 scrolls of teleportation
 t - a scroll of amnesia
 v - 3 scrolls of blinking
 x - 2 scrolls of summoning
 y - 11 scrolls of recharging
 G - 14 scrolls of fog
 Y - 3 scrolls of holy word
Potions
 b - 11 potions of flight
 k - 2 potions of mutation
 o - a potion of cancellation
 s - 8 potions of magic
 u - 2 potions of resistance
 E - 3 potions of ambrosia
 K - 3 potions of brilliance
 T - 4 potions of curing
Books
 e - a book of Geomancy

   Spells                             Type                      Level
   a - Sandblast                      Earth                        1
   b - Passwall                       Transmutation/Earth          2
   c - Stone Arrow                    Conjuration/Earth            3
   d - Petrify                        Transmutation/Earth          4
   e - Lee's Rapid Deconstruction     Earth                        5
 h - a manual of Dodging
 A - a book of Burglary

   Spells                             Type                      Level
   a - Swiftness                      Charms/Air                   2
   b - Passwall                       Transmutation/Earth          2
   c - Passage of Golubria            Translocation                4
   d - Lee's Rapid Deconstruction     Earth                        5
   e - Darkness                       Hexes                        6
   f - Invisibility                   Hexes                        6
 H - a book of Enchantments

   Spells                             Type                      Level
   a - Cause Fear                     Hexes                        4
   b - Yara's Violent Unravelling     Hexes/Transmutation          5
   c - Silence                        Hexes/Air                    5
   d - Deflect Missiles               Charms/Air                   6
   e - Discord                        Hexes                        8
 J - a book of Cantrips

   Spells                             Type                      Level
   a - Confusing Touch                Hexes                        1
   b - Animate Skeleton               Necromancy                   1
   c - Summon Small Mammal            Summoning                    1
   d - Apportation                    Translocation                1
 X - a book of Dreams

   Spells                             Type                      Level
   a - Ensorcelled Hibernation        Hexes/Ice                    2
   b - Silence                        Hexes/Air                    5
   c - Darkness                       Hexes                        6
   d - Shadow Creatures               Summoning                    6
Miscellaneous
 z - a lightning rod (4/4)
 N - a phantom mirror
Comestibles
 d - 20 bread rations


   Skills:
 + Level 12.7 Fighting
 - Level 15.0 Short Blades
 + Level 20.6 Dodging
 + Level 24.7 Stealth
 + Level 18.0 Spellcasting
 + Level 18.1 Hexes
 + Level 3.2 Charms
 - Level 7.0 Necromancy
 + Level 1.9 Air Magic


You had 4 spell levels left.
You knew the following spells:

 Your Spells              Type           Power        Failure   Level  Hunger
a - Ensorcelled Hibernat  Hex/Ice        #####.       1%          2    None
b - Corona                Hex            ######.      0%          1    None
c - Confuse               Hex            ######..     0%          3    None
d - Tukima's Dance        Hex            ######..     0%          3    None
e - Dazzling Spray        Conj/Hex       #####.       1%          3    None
f - Cause Fear            Hex            ######....   1%          4    None
g - Dispel Undead         Necr           #####...     5%          5    ###....
h - Invisibility          Hex            ######..     1%          6    #####..
i - Summon Mana Viper     Hex/Summ       #####...     2%          5    ###....
j - Silence               Hex/Air        ######....   1%          5    ###....
k - Discord               Hex            ######....   13%         8    #######
l - Deflect Missiles      Chrm/Air       ####......   88%         6    #####..


Dungeon Overview and Level Annotations

Branches:
Dungeon (15/15)            Temple (1/1) D:4            Lair (6/6) D:9
 Shoals (4/4) Lair:3        Snake (4/4) Lair:2        Slime (0/5) Lair:6
    Orc (2/2) D:11            Elf (1/3) Orc:2        Vaults (4/5) D:14
  Crypt (0/3) Vaults:2     Depths (1/5) D:15

Altars:
Ashenzari
Cheibriados
Dithmenos
Elyvilon
Fedhas
Gozag
Hepliaklqana
Kikubaaqudgha
Makhleb
Nemelex Xobeh
Okawaru
Qazlal
Ru
Sif Muna
Trog
Uskayaw
Vehumet
Wu Jian
Xom
Yredelemnul
Zin
The Shining One

Shops:
D:7 *   D:10 (   D:14 :   Orc:2 [?=:   Elf:1 =   Vaults:2 }

Portals:
Abyss: Depths:1
Ziggurat: Depths:1


Innate Abilities, Weirdness & Mutations

You are very small and have problems with some larger weapons.
You are too small for most types of armour.
You have supernaturally acute eyesight. (SInv)
You are a herbivore.
You cover ground extremely quickly.
You need consume almost no food.
You have a beak for a mouth.
You are agile. (Dex +2)
You possess an exceptional clarity of mind.
You evolve.
Potions are less effective at restoring your health.


Message History

You puncture Ziom! You peck Ziom, but do no damage.
Ziom is heavily wounded.
* * * LOW HITPOINT WARNING * * *
Ziom barely misses you.
You miss Ziom.
Ziom is heavily wounded.
Your shadow barely misses Ziom.
You impale Ziom!!
Ziom is severely wounded.
* * * LOW HITPOINT WARNING * * *
Ziom completely misses you.
You barely miss Ziom. You peck Ziom!
Ziom is severely wounded.
Your shadow hits Ziom but does no damage.
You hit Ziom.
Ziom is severely wounded.
Ziom completely misses you.
You completely miss Ziom. You peck Ziom.
Ziom is severely wounded.
You die...

≈####################≈≈≈...▓▓§§§§
## ## ###########≈≈≈≈≈..▓§§§§
§§#..#.÷#§§#§§##≈≈≈≈≈≈.▓▓§§v
§§..§.§§§§..§§§#≈≈≈≈≈≈..▓§§§
§§....§§.§§§§§§#≈≈≈≈≈≈≈.▓▓§§
§§..§§§§§§§§§§§#§≈≈≈≈≈≈..▓§§
§§..§§§§§§§§§.§'.........▓§§
.§...§§§.§§@§.§§#≈≈≈≈≈≈≈..▓§§
§§.§..§.§§§§@§§§#≈≈≈≈≈≈≈.▓▓≈≈
§§§...§§§§§§§§§§#≈≈≈≈≈≈..▓≈≈≈
§#..#§§#§.#§§##≈≈≈≈≈≈.▓▓≈≈≈ ##
##############≈≈≈≈≈..▓≈≈≈≈
≈####################≈≈≈...▓▓≈≈≈≈
≈≈≈≈≈≈≈≈≈≈≈≈≈≈≈≈≈≈≈≈≈≈...▓▓▓≈≈≈≈≈
.......................▓▓▓≈≈≈≈≈≈≈
.÷..####################≈≈≈≈≈≈≈≈≈
...▓▓≈≈≈≈≈▓▓▓≈≈≈≈≈≈≈≈≈≈≈≈≈≈≈≈≈≈≈≈


You could see Ziom the Cloud Mage.

Vanquished Creatures
  Vashnia (Snake:2)
  Nikola (Shoals:3)
  The ghost of EvilAshe the Eclecticist, an adept DrVM of Sif Muna (Vaults:3)
  A lich (Vaults:3)
  Gastronok (D:10)
  A storm dragon (Vaults:2)
  3 sphinxes
  A shadow dragon (Vaults:2)
  Kirke (Elf:1)
  Ilsuiw (Shoals:4)
  2 nagarajas (Snake:3)
  4 vault wardens
  A fire giant (Vaults:4)
  2 frost giants (Shoals:4)
  A deep elf sorcerer (Vaults:3)
  Aizul (Elf:1)
  7 stone giants
  9 ironheart preservers
  An entropy weaver (Vaults:3)
  2 very ugly things (Depths:1)
  Azrael (D:13)
  Nessos (Lair:4)
  7 dire elephants
  11 merfolk javelineers
  An eidolon (Vaults:2)
  11 merfolk impalers
  2 ettins
  4 fire dragons
  A deep elf death mage (Elf:1)
  A minotaur (Lab)
  8 yaktaur captains
  Fannar (Orc:1)
  3 great orbs of eyes
  7 naga warriors
  2 rakshasas
  4 hydras
  4 ice dragons
  2 vault guards (Vaults:2)
  Harold (Lair:3)
  2 spriggan air magi (WizLab)
  4 anacondas
  5 merfolk avatars
  45 two-headed ogres
  7 merfolk aquamancers
  2 catoblepae (D:14)
  Erica (Orc:1)
  A death knight (Vaults:2)
  An alligator snapping turtle (Shoals:1)
  8 centaur warriors
  2 deep troll shamans (Vaults:1)
  3 deep troll earth magi
  2 dancing weapons (Elf:1)
  A tengu warrior (Shoals:2)
  11 ogre magi
  9 death yaks (Lair:4)
  2 shock serpents
  Urug (D:12)
  Sonja (D:10)
  13 skeletal warriors
  11 naga sharpshooters
  Nergalle (D:12)
  4 deep elf knights
  A sun demon (Volcano)
  7 unseen horrors
  A deep troll (shapeshifter) (Vaults:2)
  A shadow wraith (Vaults:3)
  6 deep trolls
  4 glowing orange brains
  6 wizards
  11 sea snakes
  5 naga ritualists
  16 ironbrand convokers
  An unseen horror (shapeshifter) (Vaults:3)
  2 lindwurms (D:11)
  8 deep elf archers
  A flayed ghost (Vaults:2)
  Pikel (D:5)
  2 necromancers
  14 orc knights
  A phantasmal warrior (Vaults:2)
  4 wolf spiders
  18 cyclopes
  12 harpies (Shoals:4)
  12 slime creatures
  8 manticores
  2 oklob plants (Lair:2)
  5 orc sorcerers
  35 ugly things
  An orb spider (shapeshifter) (Vaults:1)
  24 deep elf magi
  5 fauns
  5 mana vipers
  5 salamanders
  8 merfolk sirens
  A manticore (shapeshifter) (Vaults:2)
  3 guardian serpents
  Joseph (D:10)
  24 elephants
  10 water nymphs
  13 naga magi
  Maurice (Orc:1)
  25 black mambas
  11 vault sentinels
  14 spiny frogs
  A torpor snail (Lair:5)
  2 kobold demonologists
  3 freezing wraiths
  28 yaktaurs
  3 rime drakes (Shoals:3)
  A gargoyle (D:10)
  5 komodo dragons
  A yaktaur (shapeshifter) (D:15)
  2 red devils (Volcano)
  14 wind drakes
  A tengu conjurer (Shoals:2)
  22 merfolk
  A polar bear (shapeshifter) (Vaults:1)
  12 trolls
  3 large abominations (Elf:1)
  A meliai (shapeshifter) (Vaults:3)
  3 tyrant leeches (D:11)
  5 hornets
  A tengu simulacrum (Vaults:3)
  17 blink frogs
  A hornet (shapeshifter) (Vaults:3)
  A minotaur skeleton (Lab)
  A raiju (shapeshifter) (Vaults:2)
  7 dream sheep (Shoals:3)
  A meliai zombie (D:15)
  13 snapping turtles
  15 hippogriffs
  28 air elementals
  2 redbacks (Vaults:3)
  A spriggan (Lair:3)
  2 wraiths
  3 wyverns
  59 yaks
  A shadow (D:15)
  3 fire elementals
  17 water elementals
  A hog (shapeshifter) (D:15)
  8 basilisks
  A hungry ghost (Lab)
  2 fire bats (D:11)
  3 steam dragons
  4 vampire mosquitoes (D:15)
  9 insubstantial wisps (WizLab)
  Menkaure (D:4)
  33 nagas
  8 wargs
  2 acid dragons
  2 soldier ants (D:9)
  Duvessa (D:4)
  5 hell hounds
  9 water moccasins
  36 orc warriors
  4 ice beasts
  12 porcupines
  3 phantoms
  2 slaves (D:5)
  2 black bears
  5 sky beasts
  52 ogres
  An eye of draining (D:14)
  14 wolves
  A boggart (Depths:1)
  12 crocodiles
  14 centaurs
  17 bullfrogs
  3 big kobolds
  6 elf zombies (Elf:1)
  Dowan (D:4)
  An earth elemental (Elf:1)
  A gnoll sergeant (D:12)
  2 wyvern skeletons
  5 scorpions
  17 killer bees
  11 wights
  3 electric eels
  2 vampire bats (D:11)
  3 howler monkeys
  A centaur zombie (D:10)
  4 lava snakes (Lab)
  6 crimson imps
  3 bullfrog zombies
  5 centaur skeletons
  4 hounds
  23 jellies
  17 orc priests
  3 bullfrog skeletons
  25 orc wizards
  12 iguanas
  Ijyb (D:4)
  12 worker ants
  13 hell rats
  4 yak simulacra (Lair:4)
  5 polar bear simulacra (Lair:4)
  2 wolf simulacra (Lair:4)
  A howler monkey zombie (D:5)
  Robin (D:2)
  2 worker ant zombies (D:11)
  A howler monkey skeleton (D:7)
  3 gnolls (D:12)
  14 adders
  4 river rats (D:11)
  2 shadow imps (D:9)
  9 oozes
  2 adder skeletons
  10 worms
  A dart slug (D:2)
  8 leopard geckos
  130 orcs
  13 bats
  8 giant cockroaches
  16 goblins
  11 hobgoblins
  9 jackals
  19 kobolds
  6 quokkas
  A ball python (D:4)
  6 frilled lizards
  A jackal zombie (D:7)
  A leopard gecko skeleton (D:9)
  A quokka skeleton (D:8)
  15 rats
  3 plants
1624 creatures vanquished.

Vanquished Creatures (collateral kills)
  A naga sharpshooter (Snake:1)
  A merfolk (Shoals:4)
  A naga (Snake:1)
  An orc (Orc:1)
4 creatures vanquished.

Vanquished Creatures (others)
  A vault warden (Vaults:3)
  A merfolk impaler (Shoals:4)
  An ogre mage (Vaults:3)
  A two-headed ogre (Vaults:3)
  An orc high priest (Orc:1)
  A guardian serpent (Snake:3)
  A yaktaur (Vaults:3)
  A merfolk (Shoals:3)
  2 wind drakes (WizLab)
  A human (Elf:1)
  3 insubstantial wisps (WizLab)
  A centaur (Shoals:4)
  A hound (D:5)
  An orc wizard (D:9)
  A shadow imp (D:5)
  14 fungi
  18 plants
50 creatures vanquished.

Grand Total: 1678 creatures vanquished

Notes
Turn   | Place    | Note
-------+----------+-------------------------------------------
     0 | D:1      | Leas the Spriggan Enchanter began the quest for the Orb.
     0 | D:1      | Reached XP level 1. HP: 9/9 MP: 5/5
   449 | D:1      | Reached XP level 2. HP: 13/13 MP: 7/7
   454 | D:1      | Learned a level 2 spell: Ensorcelled Hibernation
  1160 | D:2      | Noticed Robin
  1169 | D:2      | Reached XP level 3. HP: 16/16 MP: 9/9
  1192 | D:2      | Learned a level 3 spell: Confuse
  2036 | D:2      | Learned a level 3 spell: Tukima's Dance
  2238 | D:2      | Reached XP level 4. HP: 21/21 MP: 11/11
  2707 | D:2      | Reached skill level 5 in Hexes
  2725 | D:2      | Killed Robin
  3733 | D:3      | Reached skill level 5 in Spellcasting
  3733 | D:3      | Reached XP level 5. HP: 19/24 MP: 7/13
  4217 | D:3      | Noticed a sky beast
  4223 | D:3      | Reached XP level 6. HP: 28/28 MP: 8/15
  4233 | D:3      | Killed a sky beast
  4233 | D:3      | Reached skill level 5 in Stealth
  4239 | D:3      | Reached skill level 6 in Stealth
  4674 | D:3      | Learned a level 3 spell: Dazzling Spray
  4889 | D:4      | Noticed Ijyb
  4901 | D:4      | Noticed an ice beast
  4902 | D:4      | Noticed Dowan
  4904 | D:4      | Reached skill level 7 in Stealth
  4915 | D:4      | Killed Ijyb
  4924 | D:4      | Noticed Duvessa
  4929 | D:4      | Killed an ice beast
  4929 | D:4      | Reached skill level 8 in Stealth
  4929 | D:4      | Reached XP level 7. HP: 29/32 MP: 6/16
  4940 | D:4      | Killed Duvessa
  4940 | D:4      | Reached skill level 9 in Stealth
  4958 | D:4      | Killed Dowan
  5309 | D:4      | Reached skill level 10 in Stealth
  5723 | D:4      | Reached skill level 11 in Stealth
  6094 | D:4      | Noticed Menkaure
  6098 | D:4      | Killed Menkaure
  6098 | D:4      | Reached XP level 8. HP: 36/36 MP: 17/17
  6393 | D:4      | Reached skill level 12 in Stealth
  6457 | D:4      | Found a staircase to the Ecumenical Temple.
  6532 | D:5      | Entered Level 5 of the Dungeon
  6591 | D:5      | Noticed Pikel
  6633 | D:5      | Killed Pikel
  6633 | D:5      | Reached skill level 14 in Stealth
  7342 | D:5      | Reached skill level 15 in Stealth
  7548 | D:5      | Reached XP level 9. HP: 29/39 MP: 16/18
  8289 | D:6      | Reached skill level 1 in Fighting
  8459 | Temple   | Entered the Ecumenical Temple
  8561 | Temple   | Became a worshipper of Dithmenos the Shadowed
  8860 | D:7      | Found Qyess's General Store.
  8941 | D:7      | Bought a scroll of identify for 26 gold pieces
  9362 | D:7      | Reached * piety under Dithmenos
  9380 | D:7      | Found a sparkling altar of Nemelex Xobeh.
  9865 | D:7      | Reached skill level 5 in Dodging
 10420 | D:8      | Noticed a two-headed ogre
 10470 | D:8      | Killed a two-headed ogre
 10470 | D:8      | Reached skill level 16 in Stealth
 10470 | D:8      | Reached XP level 10. HP: 48/48 MP: 2/22
 10999 | D:9      | Reached ** piety under Dithmenos
 12015 | D:9      | Reached skill level 5 in Short Blades
 12042 | D:9      | Reached XP level 11. HP: 18/53 MP: 4/24
 12409 | D:9      | Found a staircase to the Lair.
 12447 | D:9      | Reached *** piety under Dithmenos
 13304 | D:10     | Entered Level 10 of the Dungeon
 13306 | D:10     | Noticed Sonja
 13326 | D:10     | Killed Sonja
 13489 | D:10     | Noticed a two-headed ogre
 13526 | D:10     | Killed a two-headed ogre
 13526 | D:10     | Reached skill level 17 in Stealth
 13830 | D:10     | Noticed Joseph
 13834 | D:10     | Noticed Gastronok
 13839 | D:10     | Noticed a two-headed ogre
 13840 | D:10     | Killed Joseph
 13847 | D:10     | Killed a two-headed ogre
 14282 | D:10     | Found Taruma's Weapon Shop.
 14502 | D:10     | Killed Gastronok
 14502 | D:10     | Reached skill level 5 in Fighting
 14717 | D:10     | Reached **** piety under Dithmenos
 14944 | D:11     | Noticed a purple ugly thing
 15196 | D:11     | Killed a purple ugly thing
 15560 | D:11     | Reached XP level 12. HP: 58/60 MP: 18/26
 15564 | D:11     | Reached skill level 10 in Hexes
 15797 | D:11     | Reached skill level 10 in Dodging
 15797 | D:11     | Reached skill level 10 in Spellcasting
 16259 | D:11     | Reached ***** piety under Dithmenos
 16614 | D:11     | Reached skill level 18 in Stealth
 17911 | D:11     | Found a staircase to the Orcish Mines.
 18285 | D:12     | Noticed Urug
 18343 | D:12     | Killed Urug
 19041 | D:12     | Noticed Nergalle
 19058 | D:12     | Killed Nergalle
 19161 | D:12     | Reached ****** piety under Dithmenos
 19678 | D:12     | Found a portal to a secret trove of treasure.
 19819 | D:13     | Found a labyrinth entrance.
 19831 | Lab      | Entered a labyrinth
 19936 | Lab      | Reached XP level 13. HP: 52/65 MP: 21/28
 20695 | Lab      | Noticed a minotaur
 20698 | Lab      | Killed a minotaur
 20869 | D:13     | Noticed Azrael
 20876 | D:13     | Killed Azrael
 21700 | D:13     | You fall through a shaft!
 21713 | D:14     | Found an opulent altar of Gozag.
 22228 | D:14     | Found a bloodstained altar of Trog.
 22502 | D:14     | You fall through a shaft!
 22502 | D:15     | Entered Level 15 of the Dungeon
 22863 | D:14     | Found Xakeokao's Book Emporium.
 22866 | D:14     | Bought a book of Party Tricks for 550 gold pieces
 22873 | D:14     | Learned a level 6 spell: Invisibility
 22978 | D:14     | Found a gate to the Vaults.
 23015 | D:14     | Reached skill level 19 in Stealth
 23801 | Lair:1   | Entered Level 1 of the Lair of Beasts
 24670 | Lair:1   | You fall through a shaft!
 24670 | Lair:2   | Found a staircase to the Snake Pit.
 24861 | Lair:2   | Reached XP level 14. HP: 69/72 MP: 24/31
 25059 | Lair:2   | Identified a scroll of acquirement
 25192 | Lair:2   | Reached skill level 10 in Short Blades
 26459 | Lair:3   | Gained mutation: Potions are less effective at restoring your health. [potion of mutation]
 26459 | Lair:3   | Gained mutation: You possess an exceptional clarity of mind. [potion of mutation]
 26459 | Lair:3   | Gained mutation: You are agile. (Dex +2) [potion of mutation]
 26472 | Lair:3   | Found a staircase to the Shoals.
 26509 | Lair:3   | Noticed Harold
 26512 | Lair:3   | Killed Harold
 28387 | Lair:4   | Noticed Nessos
 28389 | Lair:4   | Killed Nessos
 28437 | Lair:4   | Reached skill level 20 in Stealth
 29716 | Lair:5   | Reached XP level 15. HP: 66/78 MP: 27/33
 30944 | Lair:6   | Entered Level 6 of the Lair of Beasts
 31080 | Lair:6   | Found a staircase to the Slime Pits.
 31087 | Lair:6   | Learned a level 4 spell: Cause Fear
 31281 | Lair:6   | Got a brightly glowing steel ring
 31283 | Lair:6   | Identified the ring of Raireoha {rC+++ AC+5 Int-2} (You found it on level 6 of the Lair of Beasts)
 34008 | Orc:1    | Entered Level 1 of the Orcish Mines
 34010 | Orc:1    | Noticed Erica
 34012 | Orc:1    | Noticed Maurice
 34023 | Orc:1    | Killed Maurice
 34155 | Orc:1    | Killed Erica
 34266 | Orc:1    | Noticed Fannar
 34276 | Orc:1    | Killed Fannar
 34336 | Orc:1    | Found a bloodstained altar of Trog.
 34502 | Orc:1    | Found a dark tunnel.
 34512 | Volcano  | Entered a volcano
 35061 | Orc:2    | Entered Level 2 of the Orcish Mines
 35463 | Orc:2    | Found a staircase to the Elven Halls.
 35560 | Orc:2    | Found Zuepridd's Armour Shoppe.
 35565 | Orc:2    | Found Udgheoba's Jewellery Boutique.
 35566 | Orc:2    | Found Majiu's Magic Scroll Emporium.
 35574 | Orc:2    | Reached skill level 15 in Dodging
 36130 | Orc:2    | Reached XP level 16. HP: 84/84 MP: 32/35
 36136 | Orc:2    | Found Yddoceq's Book Shoppe.
 36159 | Orc:2    | Bought a scroll of teleportation for 39 gold pieces
 36159 | Orc:2    | Bought a scroll of teleportation for 39 gold pieces
 36159 | Orc:2    | Bought a scroll of silence for 97 gold pieces
 36159 | Orc:2    | Bought a scroll of identify for 26 gold pieces
 36159 | Orc:2    | Bought a scroll of identify for 26 gold pieces
 36527 | Elf:1    | Entered Level 1 of the Elven Halls
 36571 | Elf:1    | Reached skill level 21 in Stealth
 36839 | Elf:1    | Noticed Kirke
 36873 | Elf:1    | Killed Kirke
 36971 | Elf:1    | Identified the Collected Works on Darkness
 36979 | Elf:1    | Learned a level 5 spell: Dispel Undead
 37187 | Elf:1    | Noticed Aizul
 37192 | Elf:1    | Killed Aizul
 38212 | Elf:1    | Found Wuill's Jewellery Emporium.
 39165 | D:15     | Found a staircase to the Depths.
 39504 | Depths:1 | Entered Level 1 of the Depths
 40120 | Depths:1 | Gained mutation: You expend magic power (3 MP) to strengthen your wands. [mutagenic glow]
 40160 | Depths:1 | Gained mutation: You are frail. (-10% HP) [mutagenic glow]
 40464 | Depths:1 | Found a one-way gate to the infinite horrors of the Abyss.
 40474 | Depths:1 | Lost mutation: You are frail. (-10% HP) [potion of mutation]
 40474 | Depths:1 | Lost mutation: You are agile. (Dex +2) [potion of mutation]
 40474 | Depths:1 | Gained mutation: You have a beak for a mouth. [potion of mutation]
 40474 | Depths:1 | Gained mutation: You evolve. [potion of mutation]
 40531 | Depths:1 | Reached skill level 10 in Fighting
 40561 | Depths:1 | Found a gateway to a ziggurat.
 41021 | Snake:1  | Entered Level 1 of the Snake Pit
 42108 | Snake:1  | Reached skill level 15 in Hexes
 42830 | Snake:1  | Reached skill level 15 in Spellcasting
 43695 | Snake:2  | Reached XP level 17. HP: 89/89 MP: 37/37
 43755 | Snake:2  | Noticed Vashnia
 44800 | Snake:2  | Killed Vashnia
 44844 | Snake:2  | Reached skill level 22 in Stealth
 47984 | Snake:4  | Entered Level 4 of the Snake Pit
 48280 | Shoals:1 | Entered Level 1 of the Shoals
 51032 | Shoals:3 | Reached XP level 18. HP: 96/96 MP: 29/38
 51585 | Shoals:3 | Noticed Nikola
 51599 | Shoals:3 | Killed Nikola
 51896 | Shoals:4 | Entered Level 4 of the Shoals
 51975 | Shoals:4 | Gained mutation: You are agile. (Dex +2) [evolution]
 52612 | D:12     | You paid a toll of 3 potions of resistance to enter a treasure trove
 52613 | Trove    | Entered a treasure trove
 52649 | Trove    | Got a clouded golden ring
 52650 | Trove    | Identified the ring of Poket {-Tele rN++ MP+9 Str-3 Int+7} (You found it in a treasure trove)
 52653 | Trove    | Got a distressingly furry hat
 52654 | Trove    | Identified the +1 hat of the Tuna {-Tele Dex+6} (You found it in a treasure trove)
 53743 | Shoals:4 | Reached skill level 23 in Stealth
 54752 | Shoals:4 | Got a barnacled rune of Zot
 56089 | Shoals:4 | Noticed Ilsuiw
 56103 | Shoals:4 | Killed Ilsuiw
 56944 | Vaults:1 | Entered Level 1 of the Vaults
 57602 | Vaults:1 | Reached XP level 19. HP: 101/101 MP: 34/40
 58809 | Vaults:1 | Reached skill level 1 in Necromancy
 58827 | Vaults:1 | Reached skill level 15 in Short Blades
 59743 | Vaults:2 | Found the +9 heavy crossbow "Sniper" {velocity, Acc+∞ SInv}
 59792 | Vaults:2 | Reached skill level 5 in Necromancy
 60540 | Vaults:2 | Found a staircase to the Crypt.
 60631 | Vaults:2 | Learned a level 5 spell: Summon Mana Viper
 61218 | Vaults:2 | Found Zavuigeh's Gadget Boutique.
 61671 | Vaults:2 | Reached XP level 20. HP: 107/107 MP: 20/42
 61693 | Vaults:2 | Reached skill level 24 in Stealth
 63977 | Vaults:3 | Noticed EvilAshe's ghost (adept DrVM)
 64000 | Vaults:3 | Found a flickering gateway to a bazaar.
 64009 | Bazaar   | Entered a bazaar
 64470 | Bazaar   | Found Ikles's Book Shoppe.
 64470 | Bazaar   | Found Gyamefot's Assorted Antiques.
 64495 | Bazaar   | Found Fopsir's Armour Shoppe.
 64516 | Bazaar   | Found Esoaw's Gadget Emporium.
 64597 | Bazaar   | Bought a book of Dreams for 1050 gold pieces
 64603 | Bazaar   | Bought a scroll of identify for 46 gold pieces
 64603 | Bazaar   | Bought a manual of Dodging for 2539 gold pieces
 64603 | Bazaar   | Bought a scroll of identify for 46 gold pieces
 64603 | Bazaar   | Bought a scroll of summoning for 218 gold pieces
 64702 | Vaults:3 | Killed EvilAshe's ghost
 65514 | Vaults:3 | Learned a level 5 spell: Silence
 66614 | Vaults:3 | Learned a level 8 spell: Discord
 66621 | Vaults:3 | Learned a level 6 spell: Deflect Missiles
 66677 | Vaults:3 | Lost mutation: You expend magic power (3 MP) to strengthen your wands. [evolution]
 66914 | Vaults:3 | Reached skill level 1 in Charms
 67042 | Vaults:3 | Reached skill level 1 in Air Magic
 67250 | Vaults:4 | Found a magical portal.
 67299 | WizLab   | Entered The Chambers of the Cloud Mage
 68255 | WizLab   | Killed from afar by Ziom the Cloud Mage

Vault maps used:
D:1:      tarquinn_simple_flora_water_d
D:2:      uniq_robin
D:3:      first_bread, minmay_misc_feat_chi
D:4:      minmay_temple_entry_from_below_a, minmay_misc_feat_roman,
          uniq_menkaure, uniq_ijyb, uniq_duvessa
D:5:      uniq_pikel
D:7:      nemelex_altar_shiori, serial_shops,
          nicolae_shop_temple_entry_statues_fountains
D:9:      grunt_lair_entry_orc_guard_hut, serial_co_window_serial,
          co_window_corner_a, co_window_paths_a, co_window_paths_a,
          co_window_of_opportunity_a, co_window_corner_a, co_window_corner_a,
          co_window_paths_b, co_window_paths_a, co_window_corner_a,
          co_window_paths_c, co_window_corner_b, co_window_unsneaky_path_b,
          co_window_corner_cb, co_window_corner_b, co_window_unsneaky_path_e,
          co_window_unsneaky_path_a, co_window_sun, hangedman_pestilent_swarm
D:10:     serial_shops, shop, minmay_misc_feat_enclosed, uniq_sonja,
          uniq_gastronok, uniq_joseph
D:11:     david_orc_4, serial_bayou, serial_bayou_pond_e, serial_bayou_pond_b,
          serial_bayou_pond_e, serial_bayou_pond_a, serial_bayou_pond_d,
          serial_bayou_shore_a, hangedman_parallel_progression
D:12:     enter_trove_2, nicolae_lava_and_water, grunt_ministairs_14,
          nrook_mini_vaults, uniq_nergalle, uniq_urug
D:13:     lab_entry_generic, uniq_azrael
D:14:     hangedman_vaults_entry_quadrant_bands, basic_altar, serial_shops,
          nicolae_shop_behind_doors, nicolae_gozag_seed_capital
D:15:     grunt_enter_depths_hoard
Temple:   kilobyte_greek_temple
Lair:1:   columned_hall_lemuel
Lair:2:   minmay_snake_entry_spellcaster, infiniplex_staircase_pool_2,
          lemuel_fruit_fields, serial_bayou_shore_b, grunt_megastairs_1,
          minmay_lair_oklob_chamber
Lair:3:   mu_elephants_graveyard, minmay_shoals_entry_hut, uniq_harold
Lair:4:   eino_house_with_fridge, uniq_nessos
Lair:5:   kennysheep_basilisk_garden, serial_bayou_shore_b, grunt_megastairs_3
Lair:6:   due_jungle_book, minmay_slime_entry_jelly_boxes
Shoals:1: cheibrodos_shoals_epimethial_gifts
Shoals:2: kb_tengu_band
Shoals:3: nicolae_shoals_drake_roost, uniq_nikola
Shoals:4: shoals_end_grunt_ice, shoal_ilsuiw, hangedman_shoals_cup_caves
Snake:2:  uniq_vashnia
Snake:3:  statue_in_the_mist_lemuel
Snake:4:  johnstein_snake_rune_scales, serial_shops,
          nicolae_shop_temple_entry_statues_fountains
Orc:1:    enter_volcano_4, trog_butcher_becter, uniq_fannar, uniq_maurice,
          uniq_erica
Orc:2:    st_orc_open
Elf:1:    eino_elf_arrival_sip, serial_shops, shop, minmay_elf_necromancy,
          uniq_kirke, uniq_aizul
Vaults:1: nicolae_vaults_quartermaster, grunt_vaults_trifunnel, v_pattern_1,
          hangedman_vaults_trim, ontoclasm_vaults_gateway, v_misc_3, v_misc_9,
          hangedman_vaults_cutoff, nicolae_vaults_ring_of_whatevers,
          v_alt_pattern_4, hangedman_vaults_impose,
          nicolae_vaults_specimen_jars, nicolae_vaults_circle_grid_a,
          vaults_dpeg_spiral
Vaults:2: v_misc_12, minmay_crypt_entry_simple_box, ontoclasm_vaults_tryst,
          hangedman_vaults_slice, nicolae_vaults_little_squares_2,
          nicolae_vaults_angled_halls, v_misc_29, nicolae_vaults_shelves_hall,
          vaults_mumra_minichess, nicolae_vaults_asterisk,
          nicolae_vaults_network_quinsquares, nicolae_vaults_ring_of_whatevers,
          minmay_guarded_unrand_secular_launcher, nicolae_vaults_network_s,
          vaults_room_stairs_pillars, serial_shops,
          nicolae_shop_temple_entry_statues_fountains
Vaults:3: v_alt_pattern_4, nicolae_vaults_shelves_hall, v_rooms_1,
          st_hourglassy, hangedman_vaults_slice, grunt_vaults_swirl, v_misc_31,
          nicolae_vaults_little_squares_3, ontoclasm_vaults_twist, v_misc_16,
          nicolae_vaults_asterisk, hangedman_vaults_slice,
          ontoclasm_vaults_loading_screen, serial_shops, bzr_entry_water
Vaults:4: nicolae_vaults_stairing_the_circle, ontoclasm_vaults_chip, v_misc_2,
          nicolae_vaults_hallways_thing, hangedman_vaults_cutoff,
          vaults_room_corners, nicolae_vaults_yaktaur_gun_rack,
          nicolae_vaults_little_squares_4, mu_enter_wizlab_1, uniq_frederick
Depths:1: enter_ziggurat_b, abyss_entry, moated_statue, serial_shops,
          kennysheep_mini, hell_entry, hangedman_aerie_drop, uniq_asterion,
          uniq_sojobo
Lab:      lab_statue, nicolae_lab_quarters, labyrinth_lava_lair
Bazaar:   bazaar_short_row
Trove:    trove_simple
Volcano:  volcano_pools
WizLab:   wizlab_cloud

Skill      XL: |  1  2  3  4  5  6  7  8  9 10 11 12 13 14 15 16 17 18 19 20 |
---------------+-------------------------------------------------------------+-----
Spellcasting   | 3 4 5 7 8 9 10 12 13 14 15 16 17 18 | 18.0
Hexes          | 4 5 6 7 8 9 11 12 13 14 15 16 17 18 | 18.1
Stealth        | 8 11 15 16 17 18 19 20 21 22 23 24 | 24.7
Fighting       | 2 3 5 6 7 8 9 10 11 12 | 12.7
Short Blades   | 4 5 7 8 9 11 12 13 14 15 | 15.0
Dodging        | 6 7 9 11 12 14 15 16 17 18 19 20 | 20.6
Necromancy     | 7 |  7.0
Charms         | 3 |  3.2
Air Magic      | 1 |  1.9

Action                   |  1- 3 |  4- 6 |  7- 9 | 10-12 | 13-15 | 16-18 | 19-21 || total
-------------------------+-------+-------+-------+-------+-------+-------+-------++-------
Melee: Dagger            |    15 |       |       |       |       |       |       ||    15
       Spear             |     6 |       |       |       |       |       |       ||     6
       Short sword       |    97 |   179 |   227 |   668 |   267 |       |       ||  1438
       Quick blade       |       |       |       |       |  1096 |  1081 |       ||  2177
       Peck              |       |       |       |       |       |   139 |   188 ||   327
       Rapier            |       |       |       |       |       |   108 |  1013 ||  1121
 Cast: Ensorcelled Hiber |     3 |    21 |    31 |    85 |    69 |    58 |     7 ||   274
       Confuse           |       |     6 |    21 |    71 |    43 |    64 |    44 ||   249
       Dazzling Spray    |       |       |     8 |    23 |    28 |   159 |    12 ||   230
       Tukima's Dance    |       |       |       |     5 |     3 |     7 |       ||    15
       Invisibility      |       |       |       |       |    28 |    38 |    21 ||    87
       Dispel Undead     |       |       |       |       |       |       |     2 ||     2
       Summon Mana Viper |       |       |       |       |       |       |     1 ||     1
Invok: Shadow Step       |       |       |       |       |     5 |    14 |     1 ||    20
Evoke: Wand              |       |       |       |       |     2 |     1 |       ||     3
  Use: Scroll            |     4 |     6 |    10 |     6 |    18 |    19 |    11 ||    74
       Potion            |     2 |     1 |     3 |    13 |     5 |    16 |    15 ||    55
 Stab: Invisible         |     2 |       |     1 |     8 |   216 |   152 |   108 ||   487
       Sleeping          |    13 |    16 |    46 |   101 |   156 |   181 |   138 ||   651
       Confused          |       |     3 |    10 |    42 |    35 |    29 |    26 ||   145
       Distracted        |       |       |     2 |    10 |     4 |     5 |     4 ||    25
  Eat: Royal jelly       |       |     2 |     1 |       |    10 |     7 |     2 ||    22
       Fruit             |       |       |     7 |    10 |     8 |     6 |     2 ||    33
       Bread ration      |       |       |       |       |       |     2 |     2 ||     4
Armor: Robe              |    13 |    25 |    34 |    48 |    49 |    64 |    44 ||   277
Dodge: Dodged            |    89 |   152 |   163 |   517 |   837 |   817 |   657 ||  3232

Table legend:
 A = Spawn XP
 B = Non-spawn XP
 C = Spawn XP percentage of total XP
 D = Spawn monster count
 E = Non-spawn monster count
 F = Spawn count percentage of total count
 G = Total turns spent on level
                    A         B        C        D         E        F      G
               +---------+---------+-------+---------+---------+-------+---------
         Total |       0 |  570447 |   0.0 |       0 |    1629 |   0.0 | 68255
               +---------+---------+-------+---------+---------+-------+---------
           D:1 |       0 |      40 |   0.0 |       0 |      23 |   0.0 |  1663
           D:2 |       0 |     101 |   0.0 |       0 |      37 |   0.0 |  1876
           D:3 |       0 |     445 |   0.0 |       0 |      44 |   0.0 |  1586
           D:4 |       0 |    1115 |   0.0 |       0 |      28 |   0.0 |  1425
           D:5 |       0 |    1213 |   0.0 |       0 |      15 |   0.0 |  1464
           D:6 |       0 |     566 |   0.0 |       0 |       9 |   0.0 |   516
           D:7 |       0 |    1018 |   0.0 |       0 |      28 |   0.0 |  1295
           D:8 |       0 |    1990 |   0.0 |       0 |      15 |   0.0 |   824
           D:9 |       0 |    6233 |   0.0 |       0 |      74 |   0.0 |  2636
          D:10 |       0 |    7044 |   0.0 |       0 |      36 |   0.0 |  1998
          D:11 |       0 |   13532 |   0.0 |       0 |     113 |   0.0 |  3218
          D:12 |       0 |    4554 |   0.0 |       0 |      37 |   0.0 |  2079
          D:13 |       0 |    5342 |   0.0 |       0 |      20 |   0.0 |  1072
          D:14 |       0 |   11154 |   0.0 |       0 |      33 |   0.0 |  1515
          D:15 |       0 |   12588 |   0.0 |       0 |      29 |   0.0 |  1567
        Lair:1 |       0 |    4492 |   0.0 |       0 |      20 |   0.0 |  1196
        Lair:2 |       0 |    8308 |   0.0 |       0 |      35 |   0.0 |  1744
        Lair:3 |       0 |   15024 |   0.0 |       0 |      41 |   0.0 |  1721
        Lair:4 |       0 |   14553 |   0.0 |       0 |      44 |   0.0 |  1644
        Lair:5 |       0 |    9475 |   0.0 |       0 |      35 |   0.0 |  1303
        Lair:6 |       0 |   16312 |   0.0 |       0 |      54 |   0.0 |  2871
      Shoals:1 |       0 |   15074 |   0.0 |       0 |      30 |   0.0 |  1338
      Shoals:2 |       0 |   15534 |   0.0 |       0 |      34 |   0.0 |  1361
      Shoals:3 |       0 |   17835 |   0.0 |       0 |      36 |   0.0 |  2467
      Shoals:4 |       0 |   48080 |   0.0 |       0 |      74 |   0.0 |  2990
       Snake:1 |       0 |   19782 |   0.0 |       0 |      44 |   0.0 |  2332
       Snake:2 |       0 |   17564 |   0.0 |       0 |      27 |   0.0 |  1963
       Snake:3 |       0 |   22239 |   0.0 |       0 |      41 |   0.0 |  2564
       Snake:4 |       0 |     984 |   0.0 |       0 |       2 |   0.0 |    47
         Orc:1 |       0 |    7034 |   0.0 |       0 |      66 |   0.0 |  1238
         Orc:2 |       0 |   16731 |   0.0 |       0 |      44 |   0.0 |  1156
         Elf:1 |       0 |   19535 |   0.0 |       0 |      36 |   0.0 |  1896
      Vaults:1 |       0 |   72127 |   0.0 |       0 |     133 |   0.0 |  3063
      Vaults:2 |       0 |   75431 |   0.0 |       0 |     124 |   0.0 |  3868
      Vaults:3 |       0 |   56388 |   0.0 |       0 |      89 |   0.0 |  2669
      Vaults:4 |       0 |    3932 |   0.0 |       0 |       3 |   0.0 |   106
      Depths:1 |       0 |   11323 |   0.0 |       0 |      17 |   0.0 |  1167
           Lab |       0 |    1729 |   0.0 |       0 |       7 |   0.0 |   871
       Volcano |       0 |    2808 |   0.0 |       0 |       7 |   0.0 |   150
        WizLab |       0 |   11218 |   0.0 |       0 |      45 |   0.0 |   956
               +---------+---------+-------+---------+---------+-------+---------
